 Dungeon Crawl Stone Soup version 0.15.2 (webtiles) character file.

1981 HAWKINGL3623 the Covert (level 9, -8/43 HPs)
             Began as a Spriggan Hunter on Feb 24, 2016.
             Was a Plaything of Xom.
             Engulfed by a cloud of flame (15 damage)
             ... on Level 7 of the Dungeon.
             The game lasted 00:57:21 (8900 turns).

HAWKINGL3623 the Covert (Spriggan Hunter)           Turns: 8900, Time: 00:57:21

HP  -8/43        AC  6     Str  8      XL: 9   Next:  1%
MP  19/19        EV 26     Int 12      God: Xom
Gold 206         SH  0     Dex 20      Spells:  0 memorised,  8 levels left

rFire  . . .     SeeInvis +     l - +4 dagger
rCold  + . .     Clarity  .     d - +1 animal skin
rNeg   . . .     rCorr    .     (shield restricted)
rPois  .         rRot     .     (helmet restricted)
rElec  .         Spirit   .     (no cloak)
SustAb .         Warding  .     (gloves unavailable)
rMut   .         Stasis   .     (boots unavailable)
Gourm  .                        (no amulet)
MR     ++...                    n - ring of protection from cold
                                m - ring of regeneration

@: confused, lethally poisoned, very quick, very resistant to hostile
enchantments, unstealthy
A: unfitting armour, icy blue scales 1, large bone plates 1, see invisible,
herbivore 3, speed 3, magic resistance 1, slow metabolism 2
a: Renounce Religion


You were on level 7 of the Dungeon.
You worshipped Xom.
You were a plaything of Xom.
You were not hungry.

You visited 2 branches of the dungeon, and saw 9 of its levels.

You collected 414 gold pieces.
You spent 208 gold pieces at shops.

Inventory:

Hand weapons
 h - a +0 dagger of venom
 k - a +0 shortbow
 l - a +4 dagger (weapon)
Missiles
 b - 14 tomahawks (quivered)
 f - 27 bolts
 o - 7 bolts of penetration
 r - 71 arrows
 x - 9 poisoned arrows
Armour
 d - a +1 animal skin (worn)
Magical devices
 g - a wand of frost (9)
 j - a wand of slowing (11)
 p - a wand of slowing (12)
 y - a wand of random effects (8)
Comestibles
 q - 4 bread rations
 s - a slice of pizza
Scrolls
 i - 3 scrolls of remove curse
 u - 2 scrolls of identify
 v - a scroll of amnesia
 w - a scroll of immolation
Jewellery
 m - a ring of regeneration (left hand)
 n - a ring of protection from cold (right hand)
Potions
 a - 2 potions of haste
 e - a potion of porridge
 t - a potion of heal wounds


   Skills:
 + Level 2.8 Fighting
 + Level 4.4 Short Blades
 + Level 3.5 Bows
 + Level 7.3 Throwing
 + Level 9.0 Dodging
 + Level 9.4 Stealth
 + Level 1.5 Evocations


You had 8 spell levels left.
You didn't know any spells.

Dungeon Overview and Level Annotations

Branches:
Dungeon (8/15)             Temple (1/1) D:5
   Lair: D:8-11

Altars:
Ashenzari
Cheibriados
Dithmenos
Elyvilon
Fedhas
Kikubaaqudgha
Makhleb
Nemelex Xobeh
Okawaru
Qazlal
Sif Muna
Trog
Vehumet
Xom
Yredelemnul
Zin
The Shining One

Shops:
D:5 (

Annotations:
D:4 Menkaure
D:5 HAWKINGL3623's ghost, experienced HuDK
D:7 HAWKINGL3623's ghost, experienced GrGl


Innate Abilities, Weirdness & Mutations

You are tiny and cannot use many weapons and most armour.
You have supernaturally acute eyesight.
You are a herbivore.
You cover ground extremely quickly.
You need consume almost no food.
You are partially covered in icy blue scales (AC +1).
You are partially covered in large bone plates (AC +2, SH +2).
You are resistant to hostile enchantments.


Message History

You see here 3 beef jerkies.
HAWKINGL3623's ghost casts a spell at you.
You resist with almost no effort.
You see here an orc skeleton.
You are engulfed in roaring flames.
You feel sick. HAWKINGL3623's ghost hits you.
You see here an elf skeleton.
Ouch!
HAWKINGL3623's ghost gestures at you while chanting.
You resist with almost no effort.
Ouch! You feel sick.
HAWKINGL3623's ghost closely misses you.
Unknown command.
You are engulfed in roaring flames.
* * * LOW HITPOINT WARNING * * *
HAWKINGL3623's ghost casts a spell at you.
You resist with almost no effort.
You are engulfed in roaring flames.
You die...
Xom guffaws!

...#
##....[.##
####
#.....)W.#
#
#........#
#........#
##......##
##..##..#
########.)#
#%..###.%.#
#%@W#..#.##
#%%..#####
######


You could see HAWKINGL3623's ghost.

Vanquished Creatures
  A hippogriff (D:7)
  A phantom (D:7)
  2 ice beasts
  A sky beast (D:7)
  2 ogres
  3 centaurs
  A giant frog (D:6)
  3 killer bees (D:8)
  A jelly (D:6)
  A goliath beetle (D:6)
  5 crimson imps
  2 hounds (D:4)
  6 worker ants
  3 orc wizards
  2 iguanas
  A crocodile zombie (D:6)
  Ijyb (D:2)
  Jessica (D:2)
  3 adders
  2 gnolls
  3 shadow imps
  A giant mite (D:3)
  3 giant geckos
  An ooze (D:6)
  12 orcs
  5 giant cockroaches
  2 hobgoblins
  13 jackals
  A quokka (D:3)
  3 ball pythons
  12 bats
  3 giant newts
  11 goblins
  A hobgoblin zombie (D:5)
  11 kobolds
  10 rats
  A rat zombie (D:6)
135 creatures vanquished.

Vanquished Creatures (collateral kills)
  An eye of draining (D:6)
  A killer bee (D:8)
  2 gnolls (D:6)
4 creatures vanquished.

Grand Total: 139 creatures vanquished

Notes
Turn   | Place    | Note
--------------------------------------------------------------
     0 | D:1      | HAWKINGL3623, the Spriggan Hunter, began the quest for the Orb.
     0 | D:1      | Reached XP level 1. HP: 10/10 MP: 2/2
  1408 | D:2      | Reached XP level 2. HP: 14/14 MP: 4/4
  1814 | D:2      | Noticed Jessica
  1889 | D:2      | Reached skill level 5 in Throwing
  2049 | D:2      | Noticed Ijyb
  2062 | D:2      | Killed Jessica
  2062 | D:2      | Reached XP level 3. HP: 18/18 MP: 6/6
  2630 | D:2      | Killed Ijyb
  2819 | D:2      | Reached XP level 4. HP: 23/23 MP: 8/8
  4013 | D:4      | Reached XP level 5. HP: 21/26 MP: 10/10
  4631 | D:4      | Noticed Menkaure
  4652 | D:5      | Entered Level 5 of the Dungeon
  4683 | D:5      | Reached skill level 6 in Throwing
  4745 | D:5      | Noticed an ogre
  5348 | D:5      | Found a staircase to the Ecumenical Temple.
  5349 | D:5      | Noticed an ice beast
  5350 | D:5      | Reached skill level 5 in Stealth
  5350 | D:5      | Reached XP level 6. HP: 30/30 MP: 12/12
  5352 | D:5      | Noticed HAWKINGL3623's ghost (experienced HuDK)
  5355 | D:5      | Killed an ice beast
  5355 | D:5      | Reached skill level 5 in Dodging
  5554 | D:5      | Found Teohah's Antique Weapon Emporium.
  5556 | D:5      | Noticed an ogre
  5561 | D:5      | Killed an ogre
  5561 | D:5      | Reached skill level 1 in Evocations
  5563 | D:5      | Bought a bloodstained mace for 208 gold pieces
  5564 | D:5      | Identified the +0 mace "Zuoff" {vamp, rElec rF+ Dex-5} (You bought it in a shop on level 5 of the Dungeon)
  5614 | D:5      | Reached XP level 7. HP: 35/35 MP: 15/15
  5719 | Temple   | Entered the Ecumenical Temple
  5869 | Temple   | Became a worshipper of Xom of Chaos
  5956 | D:5      | Gained mutation: You are partially covered in icy blue scales (AC +1). [potion of mutation]
  5956 | D:5      | Gained mutation: You are resistant to hostile enchantments. [potion of mutation]
  5956 | D:5      | Gained mutation: You are partially covered in large bone plates (AC +2, SH +2). [potion of mutation]
  6004 | D:5      | Noticed a centaur
  6013 | D:5      | Killed a centaur
  6119 | D:5      | XOM: harmless Ice miscast
  6178 | D:5      | XOM: divination: detect creatures
  6395 | D:6      | XOM: harmless Conj miscast
  6471 | D:6      | Reached skill level 7 in Stealth
  6493 | D:6      | Got a smoking short sword
  6494 | D:6      | Identified the cursed -1 short sword "Phaeru" {venom, rPois rF+ Dex+2} (You found it on level 6 of the Dungeon)
  7051 | D:6      | XOM: potion effect (agility)
  7099 | D:6      | Found a bloodstained altar of Trog.
  7114 | D:6      | XOM: silly message
  7122 | D:6      | XOM: god gift: glowing scimitar {god gift}
  7126 | D:6      | XOM: summons friendly quasit
  7183 | D:6      | Reached skill level 8 in Stealth
  7183 | D:6      | Reached XP level 8. HP: 39/39 MP: 6/18
  7396 | D:6      | Found an ancient bone altar of Kikubaaqudgha.
  7522 | D:6      | Reached skill level 1 in Bows
  7551 | D:6      | XOM is BORED!
  7551 | D:6      | XOM: medium Summ miscast
  7552 | D:6      | Noticed an iron devil
  7594 | D:6      | XOM: harmless Erth miscast
  7699 | D:7      | XOM: potion effect (berserk rage)
  7706 | D:7      | XOM: divination: magic mapping
  7808 | D:7      | XOM: harmless Tloc miscast
  7887 | D:7      | XOM: harmless Fire miscast
  7893 | D:7      | XOM: harmless Fire miscast
  8118 | D:7      | XOM: silly message
  8174 | D:7      | XOM: enchant monster (bad)
  8178 | D:7      | XOM: harmless Trmt miscast
  8396 | D:7      | XOM: enchant monster (good)
  8400 | D:7      | Reached skill level 9 in Stealth
  8436 | D:7      | Noticed HAWKINGL3623's ghost (experienced GrGl)
  8465 | D:7      | XOM: fake destruction
  8490 | D:7      | XOM: confuse monster(s)
  8527 | D:8      | XOM: confuse monster(s)
  8605 | D:8      | XOM: harmless Pois miscast
  8713 | D:7      | XOM: noise
  8743 | D:8      | Reached XP level 9. HP: 31/43 MP: 19/19
  8859 | D:7      | XOM: cast spell 'Olgreb's Toxic Radiance'
  8886 | D:7      | XOM: confusion
  8900 | D:7      | Engulfed by a cloud of flame

Action                   |  1- 3 |  4- 6 |  7- 9 || total
-------------------------+-------+-------+-------++-------
Melee: Short sword       |    33 |       |       ||    33
       Dagger            |    73 |   204 |   260 ||   537
 Fire: Shortbow          |       |       |    37 ||    37
Throw: Tomahawk          |    30 |     9 |    34 ||    73
       Throwing net      |       |     7 |     6 ||    13
Evoke: Wand              |     1 |     2 |     1 ||     4
  Use: Scroll            |     9 |     5 |     6 ||    20
       Potion            |     1 |     6 |     7 ||    14
 Stab: Sleeping          |     4 |     8 |    14 ||    26
       Held in net/web   |       |     3 |     1 ||     4
       Confused          |       |       |     2 ||     2
       Paralysed         |       |       |     1 ||     1
  Eat: Pizza             |       |     1 |       ||     1
       Bread ration      |       |     1 |     1 ||     2
